 Dungeon Crawl Stone Soup version 0.21-a0-29-g43b3074 (webtiles) character file.

23 grindst0ne the Skirmisher (level 3, -1/30 HPs)
             Began as a Formicid Fighter on May 26, 2017.
             Was an Initiate of Makhleb.
             Slain by Natasha (6 damage)
             ... on level 2 of the Dungeon.
             The game lasted 00:01:51 (612 turns).

grindst0ne the Skirmisher (Formicid Fighter)         Turns: 612, Time: 00:01:52

Health: -1/30      AC:  8    Str: 20    XL:     3   Next: 10%
Magic:  3/3        EV:  7    Int:  7    God:    Makhleb [......]
Gold:   35         SH:  9    Dex: 11    Spells: 2/2 levels left

rFire    . . .     SeeInvis +   a - +0 war axe
rCold    . . .     Gourm    .   c - +0 shield
rNeg     . . .     Faith    .   b - +0 scale mail
rPois    .         Spirit   .   (helmet unavailable)
rElec    .         Reflect  .   n - +0 cloak
rCorr    .         Harm     .   (no gloves)
MR       .....                  (no boots)
Stlth    ..........             (no amulet)
Regen    0.1/turn               (no ring)
MPRegen  0.1/turn               (no ring)

@: no status effects
A: permanent stasis, dig shafts and tunnels, four strong arms, antennae 3
a: Dig, Shaft Self, Renounce Religion


You were on level 2 of the Dungeon.
You worshipped Makhleb.
Makhleb was noncommittal.
You were not hungry.

You visited 1 branch of the dungeon, and saw 2 of its levels.

You collected 35 gold pieces.

Inventory:

Hand Weapons
 a - a +0 war axe (weapon)
Armour
 b - a +0 scale mail (worn)
 c - a +0 shield (worn)
 n - a +0 cloak (worn)
Jewellery
 j - an uncursed ring of protection from magic {unknown}
Scrolls
 l - 2 scrolls of remove curse {unknown}
 m - 2 scrolls of recharging {unknown}
 q - a scroll of amnesia {unknown}
Potions
 d - a potion of might
 e - a potion of resistance {unknown}
 g - a potion of degeneration {unknown}
 h - 2 potions of mutation {unknown}
Comestibles
 f - 2 bread rations
 i - 3 fruits
 k - a meat ration
 o - a royal jelly
 p - a chunk of flesh


   Skills:
 + Level 3.7 Fighting
 + Level 2.9 Axes
 - Level 3.2 Armour
 - Level 3.6 Shields


You had 2 spell levels left.
You didn't know any spells.

Dungeon Overview and Level Annotations

Branches:
Dungeon (2/15)

Altars:
Makhleb
Zin

Annotations:
D:2 Natasha


Innate Abilities, Weirdness & Mutations

You cannot be hasted, slowed, berserked, paralysed or teleported.
You can dig through walls and to a lower floor.
Your four strong arms can wield two-handed weapons with a shield.
You have a pair of large antennae on your head. (SInv)


Message History

You closely miss the crimson imp. You hit the iron imp but do no damage.
The crimson imp hits you. You block Natasha's attack.
The iron imp grinds its teeth.
The iron imp hits you but does no damage.
The crimson imp hits you but does no damage.
The iron imp hits you. Natasha claws you.
* * * LOW HITPOINT WARNING * * *
The iron imp shouts, "Quit, thou feeble dizzy-eyed nobody!"
You block Natasha's attack.
There is a stone staircase leading down here.
The crimson imp blinks!
Natasha barely misses you.
You closely miss Natasha.
Natasha is moderately wounded.
Natasha claws you.
* * * LOW HITPOINT WARNING * * *
You hit Natasha but do no damage.
Natasha is moderately wounded.
The iron imp disappears in a puff of smoke!
Natasha claws you.
You die...

## #.....#...# #....###..#
#.###### #..# ### #.# #..#
#.# #.# #{.# #.# #.# ##>#
#.# #.####### #ยง#########
#.# #.......####h#.......#
..####..........@.........#
#.............###.........#
##...##.......# #...#######
#.....+.......# #...#
#....##.......# #...#
#........####.# #...#
#.............# #####
#.........###.# #.#####'#.#
###


You could see Natasha.

Vanquished Creatures
  2 dart slugs (D:1)
  7 bats
  A giant cockroach (D:1)
  A goblin (D:1)
  2 hobgoblins (D:1)
  4 frilled lizards
  3 rats (D:1)
20 creatures vanquished.

Notes
Turn   | Place    | Note
-------+----------+-------------------------------------------
     0 | D:1      | grindst0ne the Formicid Fighter began the quest for the Orb.
     0 | D:1      | Reached XP level 1. HP: 18/18 MP: 1/1
    33 | D:1      | Reached XP level 2. HP: 21/24 MP: 2/2
   465 | D:2      | Reached XP level 3. HP: 30/30 MP: 3/3
   478 | D:2      | Found a glowing silver altar of Zin.
   478 | D:2      | Found a burning altar of Makhleb.
   481 | D:2      | Noticed an Executioner
   481 | D:2      | Noticed an angel
   486 | D:2      | Became a worshipper of Makhleb the Destroyer
   593 | D:2      | Noticed Natasha
   612 | D:2      | Slain by Natasha

Vault maps used:
D:1:      dpeg_arrival_simpleton_c, minmay_misc_feat_iff
D:2:      grunt_temple_overflow_order_and_chaos_2,
          chequers_ecumenical_altar_simple_redux, serial_bayou_pond_e,
          uniq_natasha, uniq_sigmund

Action                   || total
-------------------------++-------
Melee: War axe           ||    91
 Abil: Dig               ||     1
Armor: Scale mail        ||    61
Dodge: Dodged            ||    34
Block: Shield            ||    46
